 Dungeon Crawl Stone Soup version 0.23.1 (webtiles) character file.

Game seed: 10695150691541733537

1488 poirepourri the Cleaver (level 8, -4/64 HPs)
             Began as a Minotaur Fighter on Mar 8, 2019.
             Was a Follower of Okawaru.
             Killed from afar by an electric eel (8 damage)
             ... with a bolt of electricity
             ... on level 7 of the Dungeon.
             The game lasted 00:04:40 (5246 turns).

poirepourri the Cleaver (Minotaur Fighter)          Turns: 5246, Time: 00:04:41

Health: -4/64      AC: 14    Str: 20    XL:     8   Next: 51%
Magic:  7/7        EV:  7    Int:  5    God:    Okawaru [*.....]
Gold:   233        SH:  9    Dex: 13    Spells: 7/7 levels left

rFire    + . .     SeeInvis .   a - +2 war axe
rCold    . . .     Gourm    .   c - +0 shield
rNeg     + + .     Faith    .   v - +6 scale mail of Snakes and Ladders {*Slow rF+ rN+}
rPois    +         Spirit   .   (helmet restricted)
rElec    .         Reflect  .   (no cloak)
rCorr    .         Harm     .   r - +0 pair of gloves
MR       .....                  (no boots)
Stlth    ..........             (no amulet)
HPRegen  0.20/turn              i - ring of positive energy
MPRegen  0.10/turn              o - ring of poison resistance

@: no status effects
A: retaliatory headbutt, horns 2
a: Heroism, Renounce Religion


You were on level 7 of the Dungeon.
You worshipped Okawaru.
Okawaru was aware of your devotion.
You were not hungry.

You visited 2 branches of the dungeon, and saw 8 of its levels.

You collected 233 gold pieces.

Inventory:

Hand Weapons
 a - a +2 war axe (weapon)
Armour
 c - a +0 shield (worn)
 r - a +0 pair of gloves (worn)
 v - the +6 scale mail of Snakes and Ladders (worn) {*Slow rF+ rN+}
   (You found it on level 6 of the Dungeon)

   It protects you from fire.
   It protects you from negative energy.
   It may slow you when you take damage.
Jewellery
 e - an uncursed ring of protection from cold
 i - a ring of positive energy (left hand)
 o - a ring of poison resistance (right hand)
Wands
 l - a wand of iceblast (8)
Scrolls
 b - 2 scrolls of magic mapping
 p - 3 scrolls of remove curse
 s - 4 scrolls of teleportation
Potions
 d - 2 potions of might
 g - a potion of magic
 h - a potion of resistance
 j - a potion of berserk rage
 k - a potion of flight
 m - a potion of haste
 n - 2 potions of curing
 q - a potion of degeneration {unknown}
 u - a potion of agility {unknown}
Comestibles
 f - 8 rations


   Skills:
 - Level 3.6 Fighting
 + Level 12.5 Axes
 - Level 3.6 Armour
 - Level 3.6 Shields


You had 7 spell levels left.
You didn't know any spells.
Your spell library was empty.

Dungeon Overview and Level Annotations

Branches:
Dungeon (7/15)             Temple (1/1) D:5

Altars:
Ashenzari
Cheibriados
Dithmenos
Elyvilon
Fedhas
Gozag
Hepliaklqana
Kikubaaqudgha
Makhleb
Nemelex Xobeh
Okawaru
Qazlal
Ru
Sif Muna
Trog
Uskayaw
Vehumet
Wu Jian
Xom
Yredelemnul
Zin
The Shining One


Innate Abilities, Weirdness & Mutations

You reflexively headbutt those who attack you in melee.
You have a pair of horns on your head.


Message History

You are too injured to fight recklessly!
You are too injured to fight recklessly!
You are too injured to fight recklessly!
You are too injured to fight recklessly!
You are too injured to fight recklessly!
You are too injured to fight recklessly!
You are too injured to fight recklessly!
You are too injured to fight recklessly!
You are too injured to fight recklessly!
You are too injured to fight recklessly!
You are too injured to fight recklessly!
Unknown command.
Okay, then.
Okay, then.
The electric eel shoots out a bolt of lightning at you!
The bolt of electricity hits you.
* * * LOW HITPOINT WARNING * * *
The electric eel shoots out a bolt of lightning at you!
The bolt of electricity hits you!
You die...

≈≈....### ..#
#≈....#.. ..## .≈
#≈....#.# ... .
.≈###≈....#.##.. .
.≈≈≈≈≈......#.. ####+#
# ...........#.#
#....### ≈≈≈≈......#.#
#.......
#≈?###....#####.......
#≈...@..)).....)......
#≈..##################
.≈≈≈≈≈..# # .........
### .≈;;≈≈.... #..
.≈###≈..#.# #.# .
#≈..#.# #. #≈.##.# . #
≈≈. # ## #


You could see 2 electric eels.

Vanquished Creatures
  2 ice beasts
  A phantom (D:5)
  2 ogres
  A centaur (D:5)
  5 scorpions
  2 howler monkeys (D:5)
  A centaur zombie (D:7)
  A hound (D:5)
  A bullfrog skeleton (D:5)
  5 orc priests
  5 orc wizards
  3 worker ants
  2 hound skeletons
  A howler monkey skeleton (D:4)
  6 adders
  A shadow imp (D:6)
  An ooze (D:5)
  A worm (D:3)
  2 dart slugs
  3 leopard geckos
  17 orcs
  7 bats
  5 giant cockroaches
  2 gnoll zombies (D:3)
  6 goblins
  6 hobgoblins
  6 jackals
  3 kobolds
  3 quokkas
  5 ball pythons
  3 frilled lizards
  A giant cockroach zombie (D:6)
  A quokka zombie (D:5)
  10 rats
121 creatures vanquished.

Notes
Turn   | Place    | Note
-------+----------+-------------------------------------------
     0 | D:1      | poirepourri the Minotaur Fighter began the quest for the
                  | Orb.
     0 | D:1      | Reached XP level 1. HP: 19/19 MP: 0/0
    18 | D:1      | Reached skill level 3 in Axes
   138 | D:1      | Reached XP level 2. HP: 7/26 MP: 1/1
   724 | D:2      | Reached skill level 4 in Axes
   724 | D:2      | Reached XP level 3. HP: 17/31 MP: 2/2
  1139 | D:3      | Reached skill level 5 in Axes
  1139 | D:3      | Reached XP level 4. HP: 31/39 MP: 3/3
  1513 | D:3      | Reached skill level 6 in Axes
  1516 | D:3      | Reached XP level 5. HP: 24/45 MP: 4/4
  1619 | D:3      | Reached skill level 7 in Axes
  2254 | D:3      | Found a basalt altar of Yredelemnul.
  2754 | D:4      | Reached XP level 6. HP: 44/51 MP: 5/5
  2760 | D:4      | You fall through a shaft for 2 floors!
  2800 | D:6      | Found a snail-covered altar of Cheibriados.
  2886 | D:6      | Reached skill level 8 in Axes
  2903 | D:6      | Noticed an ice beast
  2911 | D:6      | Killed an ice beast
  3159 | D:6      | Reached skill level 9 in Axes
  3162 | D:6      | Got a pitted scale mail
  3173 | D:6      | Identified the +6 scale mail of Snakes and Ladders {*Slow
                  | rF+ rN+} (You found it on level 6 of the Dungeon)
  3361 | D:5      | Entered Level 5 of the Dungeon
  3368 | D:5      | Found an iron altar of Okawaru.
  3392 | D:5      | Reached XP level 7. HP: 46/57 MP: 6/6
  3407 | D:5      | Became a worshipper of Warmaster Okawaru
  3500 | D:5      | Reached skill level 10 in Axes
  3758 | D:5      | Reached * piety under Okawaru
  3818 | D:5      | Found a bloodstained altar of Trog.
  3868 | D:5      | Reached skill level 11 in Axes
  3945 | D:5      | Reached XP level 8. HP: 62/64 MP: 7/7
  3960 | D:5      | Found a staircase to the Ecumenical Temple.
  3973 | Temple   | Entered the Ecumenical Temple
  4554 | D:4      | You fall through a shaft for 2 floors!
  4802 | D:4      | Found a shimmering altar of Xom.
  4805 | D:4      | Found a glowing golden altar of the Shining One.
  4814 | D:4      | Reached skill level 12 in Axes
  4818 | D:4      | Found an ancient bone altar of Kikubaaqudgha.
  5246 | D:7      | Killed from afar by an electric eel

Skill      XL: |  1  2  3  4  5  6  7  8 |
---------------+-------------------------+-----
Axes           | 3 4 5 6 7 9 11 12 | 12.5
Fighting       | |  3.6
Armour         | |  3.6
Shields        | |  3.6

Action                   |  1- 3 |  4- 6 |  7- 9 || total
-------------------------+-------+-------+-------++-------
Melee: War axe           |    84 |   116 |   119 ||   319
       Headbutt          |     7 |    26 |    30 ||    63
  Use: Scroll            |     5 |     3 |     6 ||    14
  Eat: Ration            |     1 |     2 |     1 ||     4
Armor: Scale mail        |    36 |    38 |    39 ||   113
Dodge: Dodged            |    27 |    30 |    31 ||    88
Block: Shield            |    53 |    59 |    40 ||   152
